 Dungeon Crawl Stone Soup version 0.29.1-15-g9cfb28693d (webtiles) character file.

Game seed: 15612116416680411612

97 javelincjr the Magician (level 5, -1/35 HPs)
             Began as a Djinni Conjurer on Mar 2, 2023.
             Slain by a gnoll
             ... wielding a +0 spear
              (4 damage)
             ... on level 3 of the Dungeon.
             The game lasted 00:06:11 (2783 turns).

javelincjr the Magician (Djinni Conjurer)           Turns: 2783, Time: 00:06:11

Health: -1/35      AC:  2    Str:  8    XL:     5   Next: 0%
Gold:   140        EV: 12    Int: 20    God:
                   SH:  0    Dex: 11

rFire   + + .      SeeInvis .   c - +1 dagger (venom)
rCold   x . .      Faith    .   (no shield)
rNeg    . . .      Spirit   .   a - +0 robe
rPois   ∞          Reflect  .   (no helmet)
rElec   .          Harm     .   (no cloak)
rCorr   .          Rampage  .   (no gloves)
Will    .....                   (boots unavailable)
Stlth   ++........              (no amulet)
HPRegen 0.11/turn               (no ring)
MPRegen 0.00/turn               (no ring)

@: flying
A: sickness immunity, fire resistance 2, cold vulnerability 1, float, innate
caster, HP casting, extra vitality 1
a: no special abilities


You were on level 3 of the Dungeon.
You visited 1 branch of the dungeon, and saw 3 of its levels.

You collected 140 gold pieces.

Inventory:

Hand Weapons
 c - a +1 dagger of venom (weapon)
Armour
 a - a +0 robe (worn)
Scrolls
 b - 5 scrolls of identify {unknown}
 d - a scroll of enchant weapon {unknown}
 f - a scroll of acquirement {unknown}
 g - a scroll of enchant armour {unknown}
 h - a scroll of noise {unknown}
 l - a scroll of immolation {unknown}
 m - a scroll of amnesia {unknown}
Potions
 e - 2 potions of might {unknown}
 i - a potion of ambrosia {unknown}
 j - a potion of lignification {unknown}
 k - a potion of flight {unknown}


   Skills:
 + Level 3.4 Dodging
 + Level 2.7 Stealth
 + Level 3.8 Spellcasting


You couldn't memorise any spells.
You knew the following spells:

 Your Spells              Type           Power      Damage    Failure   Level
a - Magic Dart            Conj           76%        1d6       2%          1
b - Searing Ray           Conj           38%        2d5       4%          2
c - Dazzling Flash        Conj/Hex       38%        N/A       9%          3
d - Fulminant Prism       Conj/Hex       9%         3d7       26%         4
e - Iskenderun's Mystic   Conj/Tloc      19%        2d6       26%         4
f - Apportation           Tloc           38%        N/A       2%          1
g - Passwall              Tmut/Erth      15%        N/A       4%          2
Your spell library was empty.

Dungeon Overview and Level Annotations

Branches:
Dungeon (3/15)

Altars:


Innate Abilities, Weirdness & Mutations

You are immune to sickness and miasma.
You are immune to poison.
Your flesh is very heat resistant. (rF++)
You are vulnerable to cold. (rC-)
You float through the air rather than walking.
You learn spells naturally, not from books.
Your magical power is your life essence.
You have superior vitality. (+4 MHP)


Message History

The gnoll hits you from afar with a +0 spear.
The searing ray hits the gnoll.
The gnoll is moderately wounded.
The searing ray hits the gnoll.
You kill the gnoll!
The gnoll completely misses you.
You have reached level 5!
The power to cast Passwall wells up from within.
Spell assigned to 'g'.
The searing ray hits the gnoll.
The gnoll is heavily wounded.
The gnoll hits you from afar with a +0 spear.
* * * LOW HITPOINT WARNING * * *
The searing ray hits the gnoll.
The gnoll is severely wounded.
The searing ray hits the gnoll.
The gnoll is moderately wounded.
* * * LOW HITPOINT WARNING * * *
You finish channelling your searing ray.
The gnoll barely misses you.
Casting: Searing Ray (safe; 4% risk of failure)
Confirm with . or Enter, or press ? or * to list all spells.
Aiming: Searing Ray (safe; 4% risk of failure)
Press: ? - help, Shift-Dir - straight line, f - gnoll
Aim: a gnoll, wielding a +0 flail, wearing a +0 leather armour and quivering 2 throwing nets (moderately wounded, 81% to hit)
The searing ray hits the gnoll.
The gnoll is almost dead.
The searing ray hits the gnoll.
The gnoll is heavily wounded. (Press . to maintain the ray.)
* * * LOW HITPOINT WARNING * * *
The gnoll hits you from afar with a +0 spear.
* * * LOW HITPOINT WARNING * * *
The searing ray hits the gnoll.
The gnoll is almost dead.
The searing ray hits the gnoll.
The gnoll is severely wounded.
* * * LOW HITPOINT WARNING * * *
The gnoll hits you from afar with a +0 spear.
You die...

..................+....
..$...######.....#.#..
.....#...##.....#.#.#
g...#...##†....#.#.#
...#...##.....#.#.#
.g#..........#.#.#
#g#..........#.#..
#.#..........#.##.
#######@#..........#.##.
........'..........#....
#########.#......######...
..........#...............
###########......#########
#......# #......# ####...#
#...#


You could see 2 gnolls.

Vanquished Creatures
  4 adders (D:2)
  A gnoll (D:3)
  A dart slug (D:1)
  5 endoplasms
  A giant cockroach (D:2)
  5 goblins
  A hobgoblin (D:1)
  3 kobolds (D:1)
  3 quokkas
  4 ball pythons
  8 bats
  11 frilled lizards
  9 rats
56 creatures vanquished.

Vanquished Creatures (others)
  19 plants
  12 withered plants (D:1)
31 creatures vanquished.

Grand Total: 87 creatures vanquished

Notes
Turn   | Place    | Note
-------+----------+-------------------------------------------
     0 | D:1      | javelincjr the Djinni Conjurer began the quest for the Orb.
     0 | D:1      | javelincjr set off with the following spells memorised:
                  | Magic Dart, Searing Ray, Dazzling Flash, Fulminant Prism,
                  | Iskenderun's Mystic Blast.
     0 | D:1      | Reached XP level 1. HP: 15/15 MP: 0/0
   362 | D:1      | Reached XP level 2. HP: 18/21 MP: 0/0
   732 | D:1      | Found a faded altar of an unknown god.
   880 | D:1      | Reached XP level 3. HP: 22/25 MP: 0/0
   880 | D:1      | Learned a level 1 spell: Apportation
  1765 | D:2      | Reached XP level 4. HP: 25/31 MP: 0/0
  2780 | D:3      | Reached XP level 5. HP: 13/35 MP: 0/0
  2780 | D:3      | Learned a level 2 spell: Passwall
  2783 | D:3      | Slain by a gnoll

Illustrated notes

Levels and vault maps discovered:
D:1:      dpeg_arrival_three_same_balls, layout_basic,
          shapermc_ecumenical_altar_flowoftime
D:2:      layout_rooms, serial_rivers, chequers_serial_rivers_small_b,
          chequers_serial_rivers_micro_e, chequers_serial_rivers_marsh,
          chequers_serial_rivers_micro_b, chequers_serial_rivers_room_b,
          chequers_serial_rivers_micro_a, chequers_garden, minmay_lizard_king
D:3:      layout_basic

Skill      XL: |  1  2  3 |
---------------+----------+-----
Stealth        | 2 |  2.7
Dodging        | 3 |  3.4
Spellcasting   | |  3.8

Action                   |  1- 3 |  4- 6 || total
-------------------------+-------+-------++-------
Melee: Dagger            |    33 |     9 ||    42
 Cast: Magic Dart        |    70 |    28 ||    98
       Searing Ray       |       |     3 ||     3
       Iskenderun's Myst |       |     1 ||     1
Armor: Robe              |     3 |     4 ||     7
Dodge: Dodged            |       |    15 ||    15
